 Dungeon Crawl Stone Soup version 0.23-a0-641-g0a7f1ce553 (webtiles) character file.

67 HereIgoKillingAgain the Chopper (level 4, 0/39 HPs)
             Began as a Hill Orc Fighter on Dec 30, 2018.
             Killed from afar by Natasha (5 damage)
             ... with a magic dart
             ... on level 2 of the Dungeon.
             The game lasted 00:01:18 (1015 turns).

HereIgoKillingAgain the Chopper (Hill Orc Fighter)  Turns: 1015, Time: 00:01:19

Health: 0/39       AC:  6    Str: 18    XL:     4   Next: 18%
Magic:  4/4        EV:  7    Int:  9    God:
Gold:   80         SH:  9    Dex: 10    Spells: 3/3 levels left

rFire    . . .     SeeInvis .   a - +0 war axe
rCold    . . .     Gourm    .   c - +0 shield
rNeg     . . .     Faith    .   b - +0 scale mail
rPois    .         Spirit   .   (no helmet)
rElec    .         Reflect  .   (no cloak)
rCorr    .         Harm     .   (no gloves)
MR       .....                  (no boots)
Stlth    ..........             (no amulet)
HPRegen  0.13/turn              (no ring)
MPRegen  0.09/turn              (no ring)

@: slowed, very slow
A: no striking features
a: no special abilities


You were on level 2 of the Dungeon.
You were hungry.

You visited 1 branch of the dungeon, and saw 2 of its levels.

You collected 80 gold pieces.

Inventory:

Hand Weapons
 a - a +0 war axe (weapon)
Armour
 b - a +0 scale mail (worn)
 c - a +0 shield (worn)
Scrolls
 e - 2 scrolls of teleportation {unknown}
 i - 3 scrolls of identify {unknown}
 j - 2 scrolls of fog {unknown}
 l - a scroll of remove curse {unknown}
 n - a scroll of noise {unknown}
Potions
 d - a potion of might
 g - a potion of lignification {unknown}
 h - a potion of invisibility {unknown}
 k - 2 potions of agility {unknown}
 m - 2 potions of resistance {unknown}
Comestibles
 f - 4 rations


   Skills:
 - Level 3.6 Fighting
 + Level 5.8 Axes
 - Level 3.2 Armour
 - Level 3.2 Shields


You had 3 spell levels left.
You didn't know any spells.
Your spell library was empty.

Dungeon Overview and Level Annotations

Branches:
Dungeon (2/15)

Altars:

Annotations:
D:2 Natasha


Message History

Natasha casts a spell at you. The magic dart hits you!
Natasha claws you but does no damage.
Your shield and scale mail prevent you from hitting Natasha.
Natasha casts a spell at you.
You feel yourself slow down. Natasha casts a spell at you.
The magic dart hits you!
* * * LOW HITPOINT WARNING * * *
You miss Natasha. Natasha barely misses you.
Natasha mumbles some strange words.
You feel troubled. Natasha claws you but does no damage.
You slash Natasha!
Natasha is almost dead.
Natasha wildly gestures.
Natasha's front paws start to glow.
Natasha casts a spell at you. The magic dart hits you!
You die...

########
#....@h#
#.####.......
#.# #######
#.# #.#
##.#######
#.........
###
##..######.
###...##...#


You could see Natasha.

Vanquished Creatures
  Natasha (D:2)
  An ooze (D:1)
  A worm (D:2)
  3 bats
  A giant cockroach (D:2)
  4 goblins (D:1)
  5 hobgoblins
  6 jackals (D:1)
  2 frilled lizards (D:1)
  3 kobolds (D:1)
  7 rats
34 creatures vanquished.

Notes
Turn   | Place    | Note
-------+----------+-------------------------------------------
     0 | D:1      | HereIgoKillingAgain the Hill Orc Fighter began the quest
                  | for the Orb.
     0 | D:1      | Reached XP level 1. HP: 19/19 MP: 1/1
    51 | D:1      | Reached skill level 3 in Axes
    74 | D:1      | Reached XP level 2. HP: 22/26 MP: 2/2
   123 | D:1      | Reached skill level 4 in Axes
   308 | D:1      | Reached XP level 3. HP: 30/31 MP: 3/3
   832 | D:2      | Reached skill level 5 in Axes
   958 | D:2      | Noticed Natasha
   972 | D:2      | Killed Natasha
   972 | D:2      | Reached XP level 4. HP: 17/39 MP: 4/4
  1009 | D:2      | Noticed Natasha
  1015 | D:2      | Killed from afar by Natasha

Vault maps used:
D:1:      saegor_arrival_miasma, minmay_hedge_maze
D:2:      first_ration, minmay_tromino_v4_c, uniq_natasha

Skill      XL: |  1  2  3 |
---------------+----------+-----
Axes           | 3 4 5 |  5.8
Fighting       | |  3.6
Armour         | |  3.2
Shields        | |  3.2

Action                   |  1- 3 |  4- 6 || total
-------------------------+-------+-------++-------
Melee: War axe           |   106 |     3 ||   109
Armor: Scale mail        |    48 |     2 ||    50
Dodge: Dodged            |    28 |     1 ||    29
Block: Shield            |    42 |       ||    42

Table legend:
 A = Non-vault XP
 B = Vault XP
 C = Vault XP percentage of total XP
 D = Non-vault monster count
 E = Vault monster count
 F = Vault count percentage of total count
                 A         B        C        D         E       F
            +---------+---------+-------+---------+---------+-------
      Total |      62 |      35 |  36.1 |      33 |       1 |   2.9
            +---------+---------+-------+---------+---------+-------
        D:1 |      46 |       0 |   0.0 |      25 |       0 |   0.0
        D:2 |      16 |      35 |  68.6 |       8 |       1 |  11.1
            +---------+---------+-------+---------+---------+-------
